 Dungeon Crawl Stone Soup version 0.27-a0-1281-ge233d83751 (webtiles) character file.

Game seed: 4012188958829441

2022 soylentgreeen202 the Grappler (level 9, -7/75 HPs)
             Began as a Troll Monk on June 8, 2021.
             Was an Elder of Hepliaklqana.
             Mangled by Maggie (14 damage)
             ... on level 7 of the Dungeon on June 13, 2021.
             The game lasted 00:51:24 (6423 turns).

soylentgreeen202 the Grappler (Troll Monk)          Turns: 6423, Time: 00:51:24

Health: -7/75      AC:  7    Str: 21    XL:     9   Next: 3%
Magic:  9/9        EV:  6    Int:  6    God:    Hepliaklqana [****..]
Gold:   630        SH:  0    Dex: 19    Spells: 8/8 levels left

rFire    . . .     SeeInvis .     - Unarmed
rCold    . . .     Faith    +   (no shield)
rNeg     . . .     Spirit   .   d - +0 robe "Simurilys" {-Cast rElec Will+ Dex+4}
rPois    .         Reflect  .   (helmet restricted)
rElec    +         Harm     .   o - +2 cloak
rCorr    .         Rampage  .   (gloves unavailable)
Will     +....     NoCast   +   (boots unavailable)
Stlth    ++........             c - amulet of faith
HPRegen  1.22/turn              (no ring)
MPRegen  0.11/turn              (no ring)

@: mighty, held
A: reduced essence, large, unfitting armour, claws 3, regeneration 1, shaggy fur
1, tough skin 1
a: Renounce Religion, Recall Ancestor, Ancestor Identity, Transference, Idealise


You were on level 7 of the Dungeon.
You worshipped Hepliaklqana.
Hepliaklqana was greatly pleased with you.
You visited 1 branch of the dungeon, and saw 7 of its levels.

You collected 1015 gold pieces.
You spent 385 gold pieces at shops.

Inventory:

Missiles
 g - 131 stones
 l - 15 poisoned darts (quivered)
Armour
 a - a +0 robe
 d - the +0 robe "Simurilys" (worn) {-Cast rElec Will+ Dex+4}
   (You acquired it on level 3 of the Dungeon)

   It affects your dexterity (+4).
   It insulates you from electricity.
   It prevents spellcasting.
   It increases your willpower.
 o - a +2 cloak (worn)
Jewellery
 c - an amulet of faith (around neck)
Wands
 q - a wand of iceblast (8)
Scrolls
 h - 2 scrolls of teleportation
 m - 2 scrolls of immolation
Potions
 e - 4 potions of heal wounds {unknown}
 f - a potion of cancellation
 i - 4 potions of attraction
 j - 2 potions of lignification
 n - 3 potions of curing
 p - a potion of magic {unknown}
 s - a potion of invisibility
 t - a potion of resistance


   Skills:
 - Level 4.0 Fighting
 - Level 4.0 Dodging
 - Level 2.0 Stealth
 + Level 10.2 Unarmed Combat
 - Level 2.0 Invocations


You had 8 spell levels left.
You didn't know any spells.
Your spell library contained the following spells:

 Spells                   Type           Power      Damage    Failure   Level
 Animate Skeleton         Necr           0%         N/A       45%         1
 Beastly Appendage        Tmut           0%         N/A       45%         1
 Pain                     Necr           0%         1d4       45%         1
 Wereblood                Tmut           0%         N/A       58%         2
 Spider Form              Tmut/Pois      0%         N/A       83%         3
 Vampiric Draining        Necr           0%         2d6       83%         3
 Animate Dead             Necr           0%         N/A       99%         4
 Ice Form                 Ice/Tmut       0%         N/A       99%         4
 Agony                    Necr           0%         N/A       100%        5


Dungeon Overview and Level Annotations

Branches:
Dungeon (7/15)             Temple (0/1) D:6

Altars:
Cheibriados
Hepliaklqana
Makhleb
Wu Jian
Xom

Shops:
D:5 (   D:6 !

Annotations:
D:6 exclusion: downstairs
D:7 Harold, Maggie


Innate Abilities, Weirdness & Mutations

Your life essence is reduced to manifest your ancestor. (-10% HP)
You are too large for most types of armour.
You have claws for hands.
Your natural rate of healing is unusually fast.
You are covered in fur. (AC +1)
You have tough skin. (AC +1)


Message History

Things that are here:
a +0 dagger; a +0 robe; an orc corpse You scratch Harold but do no damage.
Harold is almost dead.
Harold hits you with a +0 battleaxe!
The orc warrior hits you with a +0 mace.
Harold fires a harpoon shot at you. The harpoon shot hits you.
You are yanked forward by the harpoon shot.
The orc warrior misses you. Maggie gestures at you while chanting.
The bolt of fire hits you!
The bolt of fire hits the orc warrior.
The orc warrior resists.
Things that are here:
a +0 dagger; a +0 robe; an orc corpse Harold throws a throwing net.
The throwing net hits you.
You become entangled in the net!
Maggie casts a spell at you. The bolt of fire hits you!
You see here a throwing net.
As you read the scroll of fog, it crumbles to dust.
The scroll dissolves into smoke.
Okay, then.
Your magical effects are unravelling.
You feel magically purged.
The sentinel's mark upon you fades away.
The orc warrior hits you with a +0 mace!
You feel very mighty all of a sudden. Harold hits you with a +0 battleaxe!
The orc warrior hits you with a +0 mace.
You tear a large gash into the net.
Harold hits you but does no damage.
Maggie says, "Fear not.
I will immortalize you in the tale of my first kill."
Maggie casts a spell.
Maggie attempts to bespell you! You resist with some effort.
The orc warrior hits you with a +0 mace.
You struggle against the net.
Harold hits you with a +0 battleaxe!!
* * * LOW HITPOINT WARNING * * *
A jelly comes into view.
Maggie hits you from afar with a +2 halberd of protection!
You die...

. .## . .. #.#
.. >. ###.
#.##.J #oo.o#
#######@#
#<..§§@o####
#...§§§§@.....
#...§§###..#[#
#.....(.##@..#
#
#.#####..##..#
.# #.#
#....#####..#
#.#
##....#...#
..# #.#...# .#
#..<# #


You could see Harold, Maggie, an orc warrior, a jelly and an orc priest.

Vanquished Creatures
  Prince Ribbit (D:6)
  2 water moccasins
  A sky beast (D:5)
  2 orc warriors (D:6)
  An ice beast (D:6)
  A centaur (D:6)
  A phantom (D:6)
  A scorpion (D:6)
  A hound (D:4)
  2 centaur skeletons
  2 orc priests (D:6)
  7 adders
  A white imp (D:4)
  An ufetubus (D:5)
  An adder skeleton (D:4)
  A dart slug (D:3)
  15 orcs
  6 ball pythons
  5 endoplasms
  10 goblins
  4 hobgoblins
  9 jackals
  3 quokkas
  6 bats
  A frilled lizard (D:2)
  6 kobolds
  9 rats
100 creatures vanquished.

Vanquished Creatures (collateral kills)
  A water moccasin (D:5)
  An ice beast (D:5)
  A black bear (D:6)
  A necrophage (D:4)
  An ogre (D:5)
  A phantom (D:6)
  An orc priest (D:6)
  A bullfrog skeleton (D:5)
  An iguana (D:5)
  An orc wizard (D:7)
  A howler monkey zombie (D:5)
  An adder (D:4)
  3 gnolls (D:5)
  A howler monkey skeleton (D:6)
  A worm (D:3)
  A dart slug (D:5)
  6 orcs
  An endoplasm (D:4)
  2 goblins (D:4)
  2 jackals (D:4)
  A frilled lizard (D:3)
  2 kobolds (D:4)
32 creatures vanquished.

Vanquished Creatures (others)
  3 battlemagi
3 creatures vanquished.

Grand Total: 135 creatures vanquished

Notes
Turn   | Place    | Note
-------+----------+-------------------------------------------
     0 | D:1      | soylentgreeen202 the Troll Monk began the quest for the
                  | Orb.
     0 | D:1      | Reached XP level 1. HP: 22/22 MP: 0/0
   106 | D:1      | Reached XP level 2. HP: 26/29 MP: 1/1
   874 | D:2      | Reached XP level 3. HP: 37/37 MP: 2/2
  1237 | D:2      | Reached skill level 4 in Unarmed Combat
  1237 | D:2      | Reached XP level 4. HP: 40/45 MP: 3/3
  2123 | D:3      | Found a faded altar of an unknown god.
  2144 | D:3      | Became a worshipper of Hepliaklqana the Forgotten
  2144 | D:3      | Reached * piety under Hepliaklqana
  2144 | D:3      | Reached ** piety under Hepliaklqana
  2152 | D:3      | Remembered your ancestor Londisizwe as a battlemage
  2164 | D:3      | Found an ornate altar of the Wu Jian Council.
  2485 | D:3      | Found a snail-covered altar of Cheibriados.
  2604 | D:3      | Reached *** piety under Hepliaklqana
  2623 | D:4      | Noticed a water moccasin
  2632 | D:4      | Killed a water moccasin
  2633 | D:4      | Reached skill level 5 in Unarmed Combat
  2633 | D:4      | Reached XP level 5. HP: 47/47 MP: 4/4
  2651 | D:3      | Upgraded the game from 0.27-a0-1228-gfd60fd639a to
                  | 0.27-a0-1232-gc6a4cbde82
  2736 | D:3      | Identified a scroll of acquirement
  2736 | D:3      | Acquired the +0 robe "Simurilys" {-Cast rElec Will+ Dex+4}
  3372 | D:4      | Noticed a necrophage
  3390 | D:4      | Killed a necrophage
  3391 | D:4      | Reached skill level 6 in Unarmed Combat
  3391 | D:4      | Reached XP level 6. HP: 54/54 MP: 5/5
  3874 | D:5      | Entered Level 5 of the Dungeon
  3882 | D:5      | Noticed a water moccasin
  4090 | D:5      | Noticed an ice beast
  4261 | D:5      | Killed a water moccasin
  4262 | D:5      | Reached skill level 7 in Unarmed Combat
  4262 | D:5      | Reached XP level 7. HP: 60/60 MP: 6/6
  4662 | D:5      | Reached skill level 1 in Invocations
  4665 | D:5      | Found Viof's Antique Weapon Emporium.
  4786 | D:5      | Upgraded the game from 0.27-a0-1232-gc6a4cbde82 to
                  | 0.27-a0-1281-ge233d83751
  5053 | D:5      | Found a burning altar of Makhleb.
  5060 | D:5      | Found a shimmering altar of Xom.
  5064 | D:5      | Found a hazy altar of Hepliaklqana.
  5236 | D:6      | Noticed Prince Ribbit
  5243 | D:6      | Killed Prince Ribbit
  5244 | D:6      | Reached XP level 8. HP: 64/70 MP: 8/8
  5359 | D:6      | Found Hyderukh's Distillery.
  5595 | D:6      | Reached skill level 8 in Unarmed Combat
  5679 | D:6      | Found a staircase to the Ecumenical Temple.
  5814 | D:6      | Reached **** piety under Hepliaklqana
  5882 | D:6      | Reached skill level 9 in Unarmed Combat
  5995 | D:6      | Acquired 830 gold pieces
  6017 | D:6      | Bought a potion of degeneration for 11 gold pieces
  6017 | D:6      | Bought a potion of curing for 33 gold pieces
  6017 | D:6      | Bought a potion of invisibility for 88 gold pieces
  6017 | D:6      | Bought a potion of lignification for 33 gold pieces
  6058 | D:6      | Bought a potion of resistance for 110 gold pieces
  6058 | D:6      | Bought 2 potions of attraction for 66 gold pieces
  6058 | D:6      | Bought a potion of might for 44 gold pieces
  6129 | D:6      | Reached skill level 10 in Unarmed Combat
  6248 | D:7      | Noticed Maggie
  6285 | D:7      | Reached XP level 9. HP: 75/75 MP: 9/9
  6404 | D:7      | Noticed Harold
  6423 | D:7      | Mangled by Maggie

Illustrated notes

Levels and vault maps discovered:
D:1:      dpeg_arrival_oval, layout_loops_ring
D:2:      layout_loops_ring, kennysheep_nondescript, minmay_misc_feat_tiny,
          minmay_pentomino_t2
D:3:      layout_basic, chei_slow_surprise, nzn_wu_jian_council_hall,
          ebering_ecumenical_altar_rust
D:4:      layout_cave_pods, minmay_crystal_water, chequers_serial_rivers_micro_d
D:5:      layout_basic, minitemple, serial_shops, shop_statue,
          chequers_serial_rivers_small_a
D:6:      layout_rooms, minmay_temple_entry_antechambers, serial_shops, shop,
          centaur_isle, uniq_prince_ribbit1
D:7:      layout_rooms, ebering_ghost_disaster_area, uniq_harold, uniq_maggie,
          uniq_crazy_yiuf_cottage

Skill      XL: |  1  2  3  4  5  6  7  8 |
---------------+-------------------------+-----
Fighting       | 3 4 |  4.0
Dodging        | 3 4 |  4.0
Unarmed Combat | 4 5 6 7 10 | 10.2
Invocations    | 2 |  2.0
Stealth        | 2 |  2.0

Action                   |  1- 3 |  4- 6 |  7- 9 || total
-------------------------+-------+-------+-------++-------
Melee: Unarmed           |   125 |   104 |    57 ||   286
       Punch             |     2 |     3 |     4 ||     9
Throw: Stone             |       |     1 |     2 ||     3
       Dart              |       |       |     3 ||     3
Invok: Ancestor Life: Ba |       |     1 |       ||     1
       Transference      |       |     1 |       ||     1
Evoke: Wand              |       |       |     2 ||     2
  Use: Scroll            |       |     5 |     4 ||     9
       Potion            |       |       |     2 ||     2
 Stab: Sleeping          |     3 |     6 |     2 ||    11
       Distracted        |       |       |     1 ||     1
Armor: Robe              |    50 |    20 |    18 ||    88
Dodge: Dodged            |    69 |    42 |    38 ||   149

Table legend: (Time is in decaauts)
 A = Elapsed time spent in this place.
 B = Non-inter-level travel time spent in this place.
 C = Inter-level travel time spent in this place.
 D = Time resting spent in this place.
 E = Time spent auto-exploring this place.
 F = Levels seen in this place.
 G = Mean time per level.
                   A        B        C        D        E       F      G
               +--------+--------+--------+--------+--------+-----+--------+
         Total |   6420 |   5698 |    722 |    911 |   1804 |   7 |  917.1 |
       Dungeon |   6420 |   5698 |    722 |    911 |   1804 |   7 |  917.1 |
               +--------+--------+--------+--------+--------+-----+--------+

Top non-repeatable levels by time:
     D:5: 1512 daAuts
     D:3: 1106 daAuts
     D:4: 997 daAuts
     D:2: 902 daAuts
     D:1: 901 daAuts
     D:6: 878 daAuts
     D:7: 121 daAuts
